 Dungeon Crawl Stone Soup version 0.17-a0-2122-g03d97ec (webtiles) character file.

411 Adamkad1 the Sneak (level 6, -1/41 HPs)
             Began as a Vampire Enchanter on Oct 21, 2015.
             Slain by Edmund
             ... wielding a +2 flail of protection
              (3 damage)
             ... on level 4 of the Dungeon.
             The game lasted 00:13:46 (5865 turns).

Adamkad1 the Sneak (Vampire Enchanter)              Turns: 5865, Time: 00:13:46

Health: -1/41      AC:  4    Str:  8      XL:     6   Next: 58%
Magic:  6/9        EV: 12    Int: 18      God:
Gold:   134        SH:  0    Dex: 14 (15) Spells: 3 memorised, 4 levels left

rFire  . . .     SeeInvis +     f - +1 dagger (venom)
rCold  + + .     Clarity  .     t - +0 troll leather armour {Purgy}
rNeg   + + +     SustAt   .     (no shield)
rPois  +         Gourm    .     (no helmet)
rElec  .         Spirit   .     (no cloak)
rCorr  .         Warding  .     (no gloves)
rMut   .         Rnd*Tele +     (no boots)
MR     .....                    p - amulet of faith
Stlth  +++++.....               h - ring of stealth
                                g - ring of teleportation

@: regenerating slowly, not resistant to hostile enchantments, quite stealthy
A: fangs 3, see invisible, unbreathing
a: Bat Form, Evoke Teleportation


You were on level 4 of the Dungeon.
You were near bloodless.

You visited 1 branch of the dungeon, and saw 4 of its levels.

You collected 134 gold pieces.

Inventory:

Hand Weapons
 a - a +1 dagger
 f - a +1 dagger of venom (weapon)
Armour
 b - a +1 robe
 i - a +0 scale mail of cold resistance
 t - a +0 troll leather armour (worn) {Purgy}
Jewellery
 g - a ring of teleportation (left hand)
 h - a ring of stealth (right hand)
 p - an amulet of faith (around neck)
Scrolls
 e - a scroll of recharging {unknown}
 j - a scroll of blinking
 k - 4 scrolls of identify
 l - a scroll of magic mapping
 o - a scroll of enchant armour
 q - a scroll of teleportation {unknown}
Potions
 d - 8 potions of blood
 m - a potion of heal wounds
 s - 2 potions of haste
Books
 c - a book of Maledictions

   Spells                             Type                      Level
   a - Corona                         Hexes                        1
   b - Ensorcelled Hibernation        Hexes/Ice                    2
   c - Confuse                        Hexes                        3
   d - Tukima's Dance                 Hexes                        3
   e - Dazzling Spray                 Conjuration/Hexes            3


   Skills:
 - Level 1.1 Short Blades
 + Level 2.4 Armour
 - Level 2.1 Dodging
 * Level 7.8 Stealth
 + Level 2.5 Spellcasting
 * Level 6.1 Hexes
 * Level 2.2 Ice Magic


You had 4 spell levels left.
You knew the following spells:

 Your Spells              Type           Power        Failure   Level  Hunger
a - Corona                Hex            ###....      1%          1    #......
b - Ensorcelled Hibernat  Hex/Ice        ###...       10%         2    ##.....
c - Confuse               Hex            ###.....     8%          3    ###....


Dungeon Overview and Level Annotations

Branches:
Dungeon (4/15)
 Temple: D:4-7

Altars:
Cheibriados

Annotations:
D:2 Sigmund
D:4 Edmund; Oddball22's ghost, amateur DsAr


Innate Abilities, Weirdness & Mutations

You heal slowly.
You have razor-sharp teeth.
You have supernaturally acute eyesight.
You can survive without breathing.


Message History

You hit Edmund but do no damage. You bite Edmund, but do no damage.
Edmund is lightly wounded.
Edmund hits you but does no damage.
The orc shouts!
You hit Edmund but do no damage.
Edmund is moderately wounded.
The orc warrior closely misses you. Edmund hits you but does no damage.
You closely miss Edmund.
Edmund is moderately wounded.
The orc warrior closely misses you. Edmund closely misses you.
You hit Edmund but do no damage.
Edmund is moderately wounded.
The orc warrior hits you from afar with a halberd!
You barely miss Edmund.
Edmund is heavily wounded.
Edmund hits you with a flail of protection!
The orc warrior hits you from afar with a halberd!
* * * LOW HITPOINT WARNING * * *
Edmund hits you with a flail of protection.
You die...

## ..## # .#.
### #( # .. #<#
#..#.#.### #)#
#....#'#.#####@#
#..#......ooo@.#
...5..>..#######
.##.......#
##....##.#
....%......#
#.##......# #
##.##......#
...........#


You could see Edmund, an orc warrior and 2 orcs.

Vanquished Creatures
  Duvessa (D:4)
  Purgy (D:3)
  Dowan (D:3)
  An orc wizard (D:4)
  A worker ant (D:4)
  4 adders
  4 worms
  4 giant geckos
  3 orcs (D:3)
  5 goblins
  5 hobgoblins
  5 jackals (D:1)
  6 kobolds
  5 quokkas
  6 bats
  A giant newt (D:2)
  6 rats
59 creatures vanquished.

Notes
Turn   | Place    | Note
--------------------------------------------------------------
     0 | D:1      | Adamkad1 the Vampire Enchanter began the quest for the Orb.
     0 | D:1      | Reached XP level 1. HP: 13/13 MP: 3/3
    76 | D:1      | Reached skill level 5 in Stealth
    90 | D:1      | Reached XP level 2. HP: 10/19 MP: 5/5
   609 | D:2      | Noticed Sigmund
   721 | D:1      | Learned a level 2 spell: Ensorcelled Hibernation
  1222 | D:2      | Reached XP level 3. HP: 16/24 MP: 6/6
  1315 | D:2      | Reached skill level 5 in Hexes
  2489 | D:2      | Gained mutation: You evolve. [potion of beneficial mutation]
  3125 | D:2      | Reached skill level 1 in Armour
  3205 | D:2      | Found a snail-covered altar of Cheibriados.
  3359 | D:3      | Reached skill level 1 in Ice Magic
  3391 | D:3      | Reached XP level 4. HP: 26/30 MP: 7/7
  3418 | D:3      | Learned a level 3 spell: Confuse
  3738 | D:3      | Gained mutation: You are dopey. (Int -2) [evolution]
  3950 | D:3      | Lost mutation: You evolve. [potion of cure mutation]
  3950 | D:3      | Lost mutation: You are dopey. (Int -2) [potion of cure mutation]
  4035 | D:3      | Reached skill level 6 in Stealth
  4635 | D:4      | Noticed Duvessa
  4635 | D:4      | Noticed Dowan
  4635 | D:4      | Noticed Edmund
  4843 | D:4      | Noticed Purgy
  4844 | D:4      | Noticed Oddball22's ghost (amateur DsAr)
  4868 | D:3      | Killed Purgy
  4868 | D:3      | Reached XP level 5. HP: 23/35 MP: 5/8
  5489 | D:4      | Reached skill level 7 in Stealth
  5777 | D:4      | Killed Duvessa
  5777 | D:4      | Reached XP level 6. HP: 37/41 MP: 0/9
  5792 | D:3      | Killed Dowan
  5850 | D:4      | Noticed an orc warrior
  5865 | D:4      | HP: 2/41 [orc warrior/halberd (11)]
  5865 | D:4      | Slain by Edmund

Vault maps used:
D:1:      elethiomel_arrival_quiet, minmay_misc_feat_diagonals
D:2:      cheibriados_altar_1, first_bread, uniq_sigmund
D:3:      guppyfry_early_lair_pool
D:4:      lemuel_crystal_altar, uniq_purgy, uniq_duvessa, uniq_edmund,
          uniq_natasha

Action                   |  1- 3 |  4- 6 || total
-------------------------+-------+-------++-------
Melee: Dagger            |   124 |   119 ||   243
 Cast: Ensorcelled Hiber |       |    11 ||    11
       Confuse           |       |     5 ||     5
       Corona            |       |     1 ||     1
 Abil: End Transformatio |       |     1 ||     1
       Bat Form          |       |     1 ||     1
  Use: Potion            |     5 |     6 ||    11
       Scroll            |       |     5 ||     5
 Stab: Sleeping          |     4 |    11 ||    15
       Confused          |       |     4 ||     4
